[Event "Titled Tuesday Blitz April 18 Late 2023"]
[White "Loiacono, Antonio"]
[Black "Shapiro, Viktor"]
[WhiteFideId "895415"]
[BlackFideId "4175700"]
[WhiteElo "2257"]
[BlackElo "2152"]
[Result "1-0"]
[Round "08"]
[TimeControl "180+2"]
[Date "2023.04.18"]
[WhiteClock "0:00:51"]
[BlackClock "0:00:27"]

1. e4 Nf6 2. Nc3 d5 3. e5 Nfd7 4. d4 e6 5. f4 c5 6. Nf3 Nc6 7. Be3 a6 8. Qd2 b5 9. dxc5 Bxc5 10. Bd3 Qb6 11. Bf2 Bb7 12. O-O O-O-O 13. a3 h6 14. b4 Bxf2+ 15. Qxf2 Qxf2+ 16. Kxf2 Nb6 17. Ne2 Nc4 18. Ned4 Nxd4 19. Nxd4 g5 20. g3 gxf4 21. gxf4 Rdg8 22. h3 h5 23. a4 bxa4 24. Rxa4 h4 25. b5 a5 26. Bxc4 dxc4 27. Rxc4+ Kd7 28. Nc6 Rg3 29. Rd1+ Kc7 30. Nd8+ Kb6 31. Nxb7 Kxb7 32. Rd7+ Kb6 33. Rcc7 Kxb5 34. Rxf7 Rxh3 35. Rb7+ Ka4 36. f5 exf5 37. e6 Rc8 38. Rbc7 Rc3 39. Rxc3 Rxc3 40. e7 Rxc2+ 41. Kf3 Rc3+ 42. Kf4 Rc4+ 43. Kxf5 Rc5+ 44. Kf4 Rc4+ 45. Ke5 Rc5+ 46. Kd6 1-0


[Site "https://www.chess.com"]

[Event "Titled Tuesday Blitz April 18 Late 2023"]
[White "Gatterer, Florian"]
[Black "Gubajdullin, Alexei"]
[WhiteFideId "811688"]
[BlackFideId "4141202"]
[WhiteElo "2221"]
[BlackElo "2279"]
[Result "0-1"]
[Round "08"]
[TimeControl "180+2"]
[Date "2023.04.18"]
[WhiteClock "0:00:03"]
[BlackClock "0:00:06"]

1. c4 Nf6 2. Nf3 g6 3. b3 Bg7 4. Bb2 O-O 5. g3 d6 6. d4 Ne4 7. Nbd2 Bf5 8. Nh4 Nxd2 9. Qxd2 Be4 10. f3 Bc6 11. Bg2 Na6 12. O-O d5 13. cxd5 Qxd5 14. e4 Qb5 15. Rfd1 Qb4 16. Bc3 Qd6 17. d5 Bd7 18. Bxg7 Kxg7 19. Rac1 f6 20. Bf1 Rac8 21. Ng2 Qb6+ 22. Kh1 c6 23. Ne3 Rfd8 24. Bxa6 Qxa6 25. Qb4 Kf7 26. d6 e5 27. f4 Qe2 28. Qc4+ Qxc4 29. Nxc4 exf4 30. gxf4 Re8 31. e5 c5 32. Kg1 b5 33. Ne3 fxe5 34. fxe5 Rxe5 35. Nd5 c4 36. bxc4 Rxc4 37. Rf1+ Kg7 38. Rxc4 bxc4 39. Nf6 Bh3 40. d7 Rg5+ 41. Kf2 Rg2+ 42. Ke3 Bxd7 43. Nxd7 Rxa2 44. Ne5 Ra3+ 45. Kd4 Ra2 46. Nxc4 Rxh2 47. Ra1 Rh4+ 48. Kd5 Rh5+ 49. Kd6 Rh4 50. Ne5 Rd4+ 51. Ke6 Re4 52. Rxa7+ Kh6 53. Ra5 Kh5 54. Ra1 Kg5 55. Rg1+ Kf4 56. Rf1+ Ke3 57. Re1+ Kd4 58. Rxe4+ Kxe4 59. Kf6 g5 60. Ng4 Kf4 61. Nh6 g4 62. Nxg4 Kxg4 63. Kg7 h5 64. Kg6 h4 65. Kg7 h3 66. Kg6 h2 67. Kg7 h1=Q 0-1


[Site "https://www.chess.com"]

[Event "Titled Tuesday Blitz April 18 Late 2023"]
[White "Bruedigam, Martin"]
[Black "Gonzalez Zamora, Juan Carlos"]
[WhiteFideId "24608033"]
[BlackFideId "3507548"]
[WhiteElo "2331"]
[BlackElo "2535"]
[Result "1/2-1/2"]
[Round "08"]
[TimeControl "180+2"]
[Date "2023.04.18"]
[WhiteClock "0:00:15"]
[BlackClock "0:00:07"]

1. d4 Nf6 2. c4 d6 3. Nc3 e5 4. d5 Be7 5. e4 O-O 6. Bd3 a5 7. Be3 Na6 8. f3 Nc5 9. Nge2 Nxd3+ 10. Qxd3 Nd7 11. b3 g6 12. Qd2 f5 13. a3 Nf6 14. h3 fxe4 15. Nxe4 Nxe4 16. fxe4 Bd7 17. a4 Bh4+ 18. Kd1 Bf2 19. Kc2 Qh4 20. g4 Bxe3 21. Qxe3 Qf2 22. Kd2 Ra6 23. Qxf2 Rxf2 24. Ke3 Rf7 25. Raf1 Rb6 26. Nc1 c6 27. Rxf7 Kxf7 28. Rf1+ Ke7 29. Rg1 cxd5 30. exd5 g5 31. Rg3 Ra6 32. Ne2 Ra8 33. Rf3 Rh8 34. Ng3 Rg8 35. Ne4 Rg6 36. Kd3 b6 37. Kc3 Be8 38. Kd2 Bd7 39. Kc3 Be8 40. Kb2 Bd7 41. Ka3 Be8 42. b4 Bd7 43. b5 Be8 44. Kb3 Bd7 45. Kc3 h6 46. Kd2 Be8 47. Ke3 h5 48. gxh5 Rh6 49. Nxg5 Rxh5 50. Rg3 Bd7 51. Kf2 Rh4 52. Nf3 Rxc4 53. Rg7+ Kd8 54. Ng5 Rxa4 55. Ne6+ Bxe6 56. dxe6 Rh4 57. Rd7+ Ke8 58. Rxd6 Rxh3 59. Rxb6 Ke7 60. Ra6 Ra3 61. b6 Rb3 62. Rxa5 Rxb6 63. Rxe5 Rxe6 64. Rxe6+ Kxe6 1/2-1/2


[Site "https://www.chess.com"]

[Event "Titled Tuesday Blitz April 18 Late 2023"]
[White "Aggelis, Nikolaos"]
[Black "Yeritsyan, Hayk"]
[WhiteFideId "4213220"]
[BlackFideId "13307320"]
[WhiteElo "2189"]
[BlackElo "2410"]
[Result "0-1"]
[Round "08"]
[TimeControl "180+2"]
[Date "2023.04.18"]
[WhiteClock "0:00:05"]
[BlackClock "0:00:12"]

1. c4 c6 2. d4 d5 3. Nf3 Nf6 4. Nc3 e6 5. Bg5 Nbd7 6. cxd5 exd5 7. e3 Qa5 8. Nd2 Bd6 9. Bd3 O-O 10. O-O Qd8 11. Nf3 Re8 12. Rb1 Nf8 13. Qc2 Bg4 14. Nd2 Be6 15. h3 Rc8 16. Rfe1 h6 17. Bxf6 Qxf6 18. Qa4 a6 19. e4 Qf4 20. e5 Qxd2 21. Red1 Qf4 22. exd6 Qxd6 23. Qb3 Re7 24. Na4 Rce8 25. Bf1 Bc8 26. Nb6 Qg6 27. Nxc8 Rxc8 28. Re1 Rce8 29. Rxe7 Rxe7 30. Rc1 Qf6 31. Qb4 Ne6 32. Rd1 g6 33. a4 Kg7 34. a5 Nf4 35. Rd2 Ne6 36. Rd3 Ng5 37. Rg3 Ne4 38. Rf3 Qd6 39. Qb6 f5 40. Qb3 Qf6 41. Qb6 Qd6 42. Qb3 Nd2 43. Qa3 Nxf3+ 44. Qxf3 Qf6 45. Qa3 Re4 46. Qb4 Qe7 47. Qb6 Re6 48. Qb3 Rf6 49. Qb6 Rf7 50. Bd3 Qf6 51. g3 Re7 52. Kg2 h5 53. Qd8 Qf7 54. h4 Re6 55. Qc8 Qe7 56. Bc2 Rf6 57. Bd1 Rf7 58. Qb8 Qe4+ 59. Bf3 Qxd4 60. Qd6 Qf6 61. Qb8 Re7 62. b4 Qe5 63. Qd8 Qe6 64. Qb8 Rd7 65. Qc8 Qd6 66. Qe8 Qe7 67. Qc8 d4 68. Qb8 d3 69. Qa7 d2 70. Bd1 Qe4+ 71. Kg1 Qe1+ 72. Kg2 Qxd1 73. Qb8 Qe2 74. Qc8 d1=Q 75. Qxd7+ Qxd7 0-1


[Site "https://www.chess.com"]

[Event "Titled Tuesday Blitz April 18 Late 2023"]
[White "Harish, Neeraj"]
[Black "Przybylski, Wojciech"]
[WhiteFideId "30958130"]
[BlackFideId "1117599"]
[WhiteElo "1965"]
[BlackElo "2222"]
[Result "0-1"]
[Round "08"]
[TimeControl "180+2"]
[Date "2023.04.18"]
[WhiteClock "0:00:02"]
[BlackClock "0:00:10"]

1. e4 c5 2. Nf3 e6 3. d4 cxd4 4. Nxd4 Nc6 5. Nc3 Qc7 6. g4 a6 7. Be3 b5 8. Nxc6 Qxc6 9. Qd2 Bb7 10. f3 b4 11. Ne2 d5 12. Nd4 Qa4 13. e5 h5 14. gxh5 Rxh5 15. f4 Nh6 16. Be2 Rh3 17. Bf1 Rh5 18. Be2 Rh3 19. Bf1 Rh4 20. Bf2 Be7 21. b3 Qa3 22. Rg1 Rxh2 23. Nf3 Rh5 24. Rxg7 O-O-O 25. Bd4 Nf5 26. Rg1 Nxd4 27. Qxd4 Kb8 28. Rd1 Rc8 29. Bd3 Bc5 30. Qa1 Rh3 31. Ng5 Rxd3 32. Rxd3 Bxg1 33. Nxf7 Bc5 34. Nd6 Rh8 0-1


[Site "https://www.chess.com"]

[Event "Titled Tuesday Blitz April 18 Late 2023"]
[White "Erzhanov, Arman"]
[Black "Fajdetic, Hrvoje"]
[WhiteFideId "4138821"]
[BlackFideId "14501945"]
[WhiteElo "2138"]
[BlackElo "2185"]
[Result "1-0"]
[Round "08"]
[TimeControl "180+2"]
[Date "2023.04.18"]
[WhiteClock "0:00:27"]
[BlackClock "0:00:07"]

1. e4 e6 2. f4 d5 3. e5 Nh6 4. Nf3 c5 5. Na3 Nc6 6. c3 Be7 7. Nc2 O-O 8. d4 f6 9. Bd3 Rb8 10. O-O b5 11. a3 a5 12. Be3 Ng4 13. Ng5 f5 14. Bd2 b4 15. axb4 axb4 16. h3 bxc3 17. bxc3 Nh6 18. Nf3 Nf7 19. Na3 cxd4 20. cxd4 Nb4 21. Be2 Ba6 22. Bxb4 Bxe2 23. Bxe7 Bxd1 24. Bxd8 Bxf3 25. Be7 Rfe8 26. Bc5 Be4 27. Nb1 g5 28. Nc3 gxf4 29. Rxf4 Ra8 30. Rff1 Reb8 31. Na4 Bd3 32. Rfc1 Bc4 33. Nb6 Rxa1 34. Rxa1 Bd3 35. Ra7 Ng5 36. Nd7 Rb1+ 37. Kh2 Ne4 38. Nf6+ Nxf6 39. exf6 1-0


[Site "https://www.chess.com"]

[Event "Titled Tuesday Blitz April 18 Late 2023"]
[White "Florianovitz, Derlei Alex"]
[Black "Mikhalsky, Vladimir"]
[WhiteFideId "2114178"]
[BlackFideId "14144352"]
[WhiteElo "1953"]
[BlackElo "2236"]
[Result "0-1"]
[Round "08"]
[TimeControl "180+2"]
[Date "2023.04.18"]
[WhiteClock "0:02:25"]
[BlackClock "0:02:06"]

1. e4 g6 2. d4 Bg7 3. Nc3 d6 4. Be3 a6 5. Qd2 b5 6. O-O-O Nd7 7. h4 h5 8. f3 Nb6 9. Be2 b4 10. Nd5 Nxd5 11. exd5 Nf6 12. Bc4 Bb7 13. Nh3 Bxd5 14. Bxd5 Nxd5 15. Rde1 c6 16. Bg5 Qa5 17. Nf4 Qxa2 18. Nxd5 Qa1# 0-1


[Site "https://www.chess.com"]

[Event "Titled Tuesday Blitz April 18 Late 2023"]
[White "Barrientos, Sergio E"]
[Black "Winkels, Marcel"]
[WhiteFideId "4401824"]
[BlackFideId "1003887"]
[WhiteElo "2423"]
[BlackElo "1900"]
[Result "1-0"]
[Round "08"]
[TimeControl "180+2"]
[Date "2023.04.18"]
[WhiteClock "0:01:20"]
[BlackClock "0:00:13"]

1. a3 d5 2. h3 Nf6 3. d4 g6 4. Nf3 Bg7 5. c4 O-O 6. Nc3 c5 7. cxd5 Nxd5 8. e3 Nc6 9. Bc4 Nxc3 10. bxc3 cxd4 11. cxd4 e5 12. Bb2 exd4 13. Nxd4 Nxd4 14. Bxd4 Bxd4 15. Qxd4 Qa5+ 16. Qd2 Qxd2+ 17. Kxd2 Bd7 18. Rhb1 Bc6 19. Ke2 Rfd8 20. f3 Rac8 21. Bd3 Rd7 22. Rb2 Rcd8 23. Bc4 a6 24. Rc1 Kg7 25. h4 h5 26. Rc3 Rd6 27. Rd3 Rxd3 28. Bxd3 Rd5 29. e4 Rd7 30. Ke3 Kf6 31. g3 b5 32. Rc2 Bb7 33. f4 Ke7 34. e5 Kd8 35. Rc5 Rc7 36. Kd4 Rd7+ 37. Kc3 Bd5 38. Bc2 Rc7 39. Kd4 Bc4 40. Rxc7 Kxc7 41. Kc5 Be6 42. Be4 Bf5 43. Bf3 Be6 44. Be2 Bf5 45. Bd1 Be6 46. Bc2 Bg4 47. a4 bxa4 48. Bxa4 Be6 49. Be8 Bb3 50. Kb4 Be6 51. Ka5 Kb7 52. Ba4 Bc4 53. Kb4 Be6 54. Kc5 Kc7 55. Be8 Bb3 56. Bc6 a5 57. Bf3 a4 58. Kb4 Kb6 59. f5 Bc2 60. e6 fxe6 61. f6 1-0


[Site "https://www.chess.com"]

[Event "Titled Tuesday Blitz April 18 Late 2023"]
[White "Hirneise, Jens"]
[Black "Pein, Jonathan"]
[WhiteFideId "24614734"]
[BlackFideId "417092"]
[WhiteElo "2345"]
[BlackElo "2151"]
[Result "0-1"]
[Round "08"]
[TimeControl "180+2"]
[Date "2023.04.18"]
[WhiteClock "0:00:05"]
[BlackClock "0:00:24"]

1. e4 e5 2. Bc4 g6 3. d4 exd4 4. Qxd4 Qf6 5. Be3 Bg7 6. c3 Qxd4 7. Bxd4 Nf6 8. Nd2 Nc6 9. O-O-O Nxd4 10. cxd4 Ng4 11. Nh3 Bxd4 12. Nf3 Bxf2 13. Kb1 Bc5 14. Rd5 d6 15. Nhg5 Ne3 16. Rxc5 dxc5 17. Bxf7+ Ke7 18. Bb3 c4 19. Bc2 h6 20. Nh3 Nxg2 21. Nhg1 Be6 22. Ne5 Rhg8 23. Ngf3 Ne3 24. Rg1 Nxc2 25. Kxc2 g5 26. Nd4 Raf8 27. Rg2 a6 28. a4 c5 29. Nxe6 Kxe6 30. Nxc4 Rf4 31. Ne3 Rxe4 32. Nd1 Rxa4 33. Nc3 Rh4 34. Re2+ Kd6 35. Ne4+ Kc6 36. Nf6 Rd8 37. b3 b5 38. Ne8 c4 39. Ng7 cxb3+ 40. Kxb3 Rd3+ 41. Kc2 Rdh3 42. Re6+ Kd5 43. Rxa6 Rxh2+ 44. Kc3 R2h3+ 45. Kd2 Rg4 46. Rf6 Rg2+ 47. Ke1 Rh1+ 48. Rf1 Rxf1+ 49. Kxf1 Rc2 50. Ke1 b4 51. Kd1 Rf2 52. Nf5 Rxf5 53. Kc2 Kc4 54. Kd2 Rf3 55. Ke2 g4 56. Ke1 Kd3 57. Kd1 Rf1# 0-1


[Site "https://www.chess.com"]

[Event "Titled Tuesday Blitz April 18 Late 2023"]
[White "Ansh M Shah"]
[Black "Blomqvist, Erik"]
[WhiteFideId "25033379"]
[BlackFideId "1709437"]
[WhiteElo "2084"]
[BlackElo "2436"]
[Result "0-1"]
[Round "08"]
[TimeControl "180+2"]
[Date "2023.04.18"]
[WhiteClock "0:01:03"]
[BlackClock "0:01:15"]

1. d4 d5 2. c4 c6 3. cxd5 cxd5 4. Nc3 Nf6 5. Bf4 Nc6 6. e3 a6 7. Rc1 Bf5 8. Nf3 e6 9. Qb3 Bb4 10. Be2 O-O 11. O-O Bxc3 12. Rxc3 Ne4 13. Rcc1 g5 14. Bg3 g4 15. Nh4 Nd2 16. Qxb7 Na5 17. Qc7 Nxf1 18. Nxf5 exf5 19. Rxf1 Qxc7 20. Bxc7 Nc4 21. b3 Nd2 22. Rd1 Ne4 23. Ba5 Rfc8 24. f3 Nc3 25. Rd2 Nxe2+ 26. Rxe2 Rc1+ 27. Kf2 Rac8 28. fxg4 fxg4 29. Kg3 R8c2 30. Rxc2 Rxc2 31. a3 h5 32. h3 f5 33. hxg4 fxg4 34. Bb6 Kf7 35. Bc5 Kg6 36. b4 Kf5 37. a4 Rb2 38. Kh4 Rxg2 0-1


[Site "https://www.chess.com"]

[Event "Titled Tuesday Blitz April 18 Late 2023"]
[White "Osmak, Yuliia"]
[Black "Marcziter, Dmitrii"]
[WhiteFideId "14101602"]
[BlackFideId "13900765"]
[WhiteElo "2291"]
[BlackElo "2162"]
[Result "1/2-1/2"]
[Round "08"]
[TimeControl "180+2"]
[Date "2023.04.18"]
[WhiteClock "0:00:05"]
[BlackClock "0:00:08"]

1. d4 d5 2. c4 e6 3. Nc3 c5 4. cxd5 exd5 5. Nf3 Nc6 6. e3 Nf6 7. Bb5 a6 8. Bxc6+ bxc6 9. Ne5 Qc7 10. Qa4 Bd7 11. O-O Bd6 12. f4 O-O 13. Bd2 Rfb8 14. Qc2 cxd4 15. exd4 c5 16. Be3 cxd4 17. Bxd4 Rb4 18. Rad1 Rxd4 19. Rxd4 Bc5 20. Ne2 Bb5 21. Rc1 Bxd4+ 22. Nxd4 Qxc2 23. Rxc2 Ne4 24. Rc7 f6 25. Nef3 Re8 26. Nf5 g6 27. Ne7+ Kf7 28. Nxd5+ Ke6 29. Nc3 Nxc3 30. Rxc3 Rd8 31. Kf2 Kf5 32. g3 Rd1 33. Ke3 Kg4 34. Nd4 Bf1 35. Rc2 f5 36. Nc6 Kh3 37. Ne5 Bg2 38. b4 Be4 39. Rb2 Re1+ 40. Kd4 Rh1 41. a4 Rxh2 42. Rb3 Rd2+ 43. Kc5 Rg2 44. g4+ Kh4 45. gxf5 gxf5 46. Kb6 Rg3 47. Rb2 Rg2 48. Rb3 Rg3 49. Rb2 Rg2 50. Rxg2 Bxg2 51. Kxa6 Kg3 52. b5 Kxf4 53. Nd3+ Ke3 54. Ne1 Be4 55. b6 Ke2 56. a5 Kxe1 57. b7 Bxb7+ 58. Kxb7 f4 59. a6 f3 60. a7 f2 61. a8=Q f1=Q 62. Qa5+ Kf2 63. Qf5+ Ke1 64. Qxh7 Qf3+ 65. Kb6 Qe3+ 66. Ka5 Qd2+ 67. Ka4 Qd1+ 68. Ka3 Kd2 69. Qh6+ Ke1 70. Qh4+ Ke2 71. Kb4 Qd2+ 72. Kc5 Qe3+ 73. Kd6 Qd3+ 74. Ke6 Qe3+ 75. Kf6 Qf3+ 76. Kg5 Qe3+ 77. Kg6 Qe8+ 78. Kf5 Qd7+ 79. Kg6 Qe6+ 80. Kh7 Qf7+ 81. Kh8 Qf8+ 82. Kh7 Qf7+ 83. Kh6 Qf8+ 84. Kg6 Qd6+ 85. Kf5 Qd5+ 86. Kg6 Qe6+ 87. Kh7 Qf7+ 1/2-1/2


[Site "https://www.chess.com"]

[Event "Titled Tuesday Blitz April 18 Late 2023"]
[White "Bilan, Danila"]
[Black "Qiao, Cindy"]
[WhiteFideId "24161918"]
[BlackFideId "2620243"]
[WhiteElo "2182"]
[BlackElo "1777"]
[Result "0-1"]
[Round "08"]
[TimeControl "180+2"]
[Date "2023.04.18"]
[WhiteClock "0:00:15"]
[BlackClock "0:00:06"]

1. d4 d5 2. Nf3 Nf6 3. c4 e6 4. Nc3 Be7 5. Bf4 c6 6. e3 Nbd7 7. Bd3 dxc4 8. Bxc4 b5 9. Bd3 a6 10. Rc1 c5 11. Ne4 c4 12. Bb1 Qa5+ 13. Ke2 Qb6 14. b3 Bb7 15. Nxf6+ Nxf6 16. bxc4 bxc4 17. Rxc4 Bc6 18. Bd3 O-O 19. Qb3 Qxb3 20. axb3 Bd5 21. Ra4 Bxb3 22. Rxa6 Rac8 23. Rb1 Bc2 24. Rb2 Bxd3+ 25. Kxd3 Nd5 26. Bd6 Bxd6 27. Rxd6 h6 28. Ne5 Rc3+ 29. Kd2 Rc7 30. Rd7 Rfc8 31. Rxc7 Rxc7 32. Rc2 Ra7 33. Rc8+ Kh7 34. Rc2 Nf6 35. f3 Nd5 36. e4 Nf4 37. g3 Nh3 38. Ke3 f6 39. Nd3 Kg8 40. d5 exd5 41. exd5 Ng5 42. Kd4 Nxf3+ 43. Ke4 Ng5+ 44. Kd4 Rd7 45. Nf4 Nf3+ 46. Ke4 Ng5+ 47. Kf5 Kf7 48. h4 Nf3 49. h5 Nd4+ 50. Ke4 Nxc2 51. Ne6 Nb4 52. Nf4 f5+ 53. Ke5 Re7+ 54. Kxf5 Rd7 55. Ke5 Nc2 56. g4 Ne3 57. Ne6 Nxg4+ 58. Kf5 Nf6 59. Nf4 Nxd5 60. Ng6 Nf6 61. Ne5+ Ke7 62. Nxd7 Kxd7 63. Kg6 Nxh5 64. Kxh5 Ke6 65. Kg6 h5 66. Kxh5 Kf5 67. Kh4 Kf4 68. Kh3 Kf3 69. Kh4 Kf4 70. Kh3 g5 71. Kh2 Kf3 72. Kh3 g4+ 73. Kh2 Kf2 74. Kh1 Kg3 75. Kg1 Kh3 76. Kh1 Kg3 77. Kg1 Kf3 78. Kf1 g3 79. Kg1 g2 80. Kh2 Kf2 81. Kh3 g1=Q 82. Kh4 Kf3 83. Kh5 Kf4 84. Kh6 Kf5 85. Kh7 Kf6 86. Kh8 Qg7# 0-1


[Site "https://www.chess.com"]

[Event "Titled Tuesday Blitz April 18 Late 2023"]
[White "angelgab3"]
[Black "Szente Varga, Fruzsina"]
[BlackFideId "712264"]
[WhiteElo "2514"]
[BlackElo "1994"]
[Result "1-0"]
[Round "08"]
[TimeControl "180+2"]
[Date "2023.04.18"]
[WhiteClock "0:02:36"]
[BlackClock "0:02:10"]

1. e4 e5 2. Nf3 Nc6 3. Bb5 a6 4. Ba4 Nf6 5. O-O Be7 6. Re1 b5 7. Bb3 O-O 8. a4 b4 9. d4 exd4 10. e5 Ne8 11. Bd5 Bc5 12. Nbd2 d3 13. Ne4 dxc2 14. Qxc2 Qe7 15. Qxc5 Qxc5 16. Nxc5 Rb8 17. Bg5 1-0


[Site "https://www.chess.com"]

[Event "Titled Tuesday Blitz April 18 Late 2023"]
[White "Tokman, Ariel"]
[Black "micke12a"]
[WhiteFideId "117420"]
[WhiteElo "2263"]
[BlackElo "2365"]
[Result "1-0"]
[Round "08"]
[TimeControl "180+2"]
[Date "2023.04.18"]
[WhiteClock "0:00:11"]
[BlackClock "0:00:19"]

1. d4 Nf6 2. c4 c5 3. Nf3 cxd4 4. Nxd4 e6 5. Nc3 Bb4 6. e3 O-O 7. Be2 d5 8. O-O Nc6 9. Nxc6 bxc6 10. Bd2 e5 11. cxd5 cxd5 12. Ne4 Bxd2 13. Nxf6+ Qxf6 14. Qxd2 Be6 15. Rac1 a5 16. Bf3 Rfb8 17. b3 e4 18. Be2 a4 19. b4 a3 20. b5 h5 21. Rb1 h4 22. h3 Qg5 23. Kh1 Rb6 24. Qd4 Rab8 25. Rb3 Bd7 26. Rxa3 Rg6 27. Rg1 Bxh3 28. Bf1 Bg4 29. Ra6 h3 30. Rxg6 hxg2+ 31. Rxg2 Qxg6 32. Kg1 f5 33. Qxd5+ Kf8 34. Bc4 Rb6 35. Qd8+ Qe8 36. Qxb6 Qd7 37. Qb8+ Ke7 38. Qe5+ Kd8 39. Qd5 1-0


[Site "https://www.chess.com"]

[Event "Titled Tuesday Blitz April 18 Late 2023"]
[White "Todorovic, Bojan"]
[Black "TheKnightOfBosnia"]
[WhiteFideId "917087"]
[WhiteElo "2266"]
[BlackElo "2492"]
[Result "1-0"]
[Round "08"]
[TimeControl "180+2"]
[Date "2023.04.18"]
[WhiteClock "0:00:59"]
[BlackClock "0:00:51"]

1. Nf3 Nf6 2. g3 b6 3. Bg2 Bb7 4. O-O g6 5. c4 Bg7 6. Nc3 O-O 7. d4 Ne4 8. Nxe4 Bxe4 9. d5 e5 10. b3 d6 11. Bb2 a5 12. Qd2 Na6 13. Ne1 Bxg2 14. Kxg2 f5 15. f4 e4 16. Bxg7 Kxg7 17. Nc2 Qf6 18. Nd4 Rfe8 19. Qe3 a4 20. Rfb1 axb3 21. axb3 Kf7 22. Ra3 Nc5 23. Rba1 Rxa3 24. Rxa3 h6 25. Ra7 Re7 26. b4 Nd7 27. Rxc7 Nf8 28. Rxe7+ Qxe7 29. Nc6 Qc7 30. Qd4 Qb7 31. Nd8+ 1-0


[Site "https://www.chess.com"]

[Event "Titled Tuesday Blitz April 18 Late 2023"]
[White "Hajiyev, Kanan"]
[Black "merinasian"]
[WhiteFideId "13404148"]
[WhiteElo "2103"]
[BlackElo "2345"]
[Result "1-0"]
[Round "08"]
[TimeControl "180+2"]
[Date "2023.04.18"]
[WhiteClock "0:00:03"]
[BlackClock "0:00:07"]

1. d4 Nf6 2. Nf3 e6 3. c4 Bb4+ 4. Bd2 Qe7 5. g3 O-O 6. Bg2 Bxd2+ 7. Qxd2 d6 8. Nc3 e5 9. O-O Bg4 10. dxe5 dxe5 11. Nd5 Nxd5 12. cxd5 Bxf3 13. Bxf3 Rd8 14. Rfd1 Nc6 15. Bg2 Nd4 16. e3 Nf5 17. Qc3 Nd6 18. Rac1 Rac8 19. Qa3 a6 20. b4 f5 21. Qb3 Kh8 22. a4 h6 23. h4 Rf8 24. b5 axb5 25. axb5 b6 26. Rc6 f4 27. e4 fxg3 28. fxg3 Rf6 29. Rdc1 Qf7 30. Bh3 Rf3 31. R6c3 Rf8 32. Rxf3 Qxf3 33. Qxf3 Rxf3 34. Rxc7 Rxg3+ 35. Kh2 Re3 36. Rd7 Nxe4 37. Rd8+ Kh7 38. h5 Re2+ 39. Kg1 Ng3 40. d6 Rd2 41. d7 e4 42. Re8 Rd1+ 43. Kg2 Nxh5 44. d8=Q Nf4+ 45. Kg3 Ne2+ 46. Kf2 Nd4 47. Bf5+ g6 48. Qe7# 1-0


[Site "https://www.chess.com"]

[Event "Titled Tuesday Blitz April 18 Late 2023"]
[White "Jaskolka, Tomasz"]
[Black "Skaric, Djuro"]
[WhiteFideId "1170791"]
[BlackFideId "934569"]
[WhiteElo "2155"]
[BlackElo "2282"]
[Result "0-1"]
[Round "08"]
[TimeControl "180+2"]
[Date "2023.04.18"]
[WhiteClock "0:00:38"]
[BlackClock "0:01:37"]

1. Nf3 d6 2. e3 g6 3. c4 Bg7 4. Nc3 Nf6 5. b3 O-O 6. Bb2 Nc6 7. Be2 e5 8. O-O h6 9. d3 Nd7 10. a3 f5 11. b4 g5 12. b5 Ne7 13. e4 f4 14. Nd5 Nxd5 15. cxd5 g4 16. Nd2 h5 17. Re1 Qg5 18. Bf1 h4 19. Nc4 Rf7 20. a4 Nf6 21. d4 Nh5 22. dxe5 dxe5 23. d6 Be6 24. Rc1 Rd8 25. Qd2 cxd6 26. Red1 Rfd7 27. Ba3 g3 28. fxg3 hxg3 29. hxg3 Nxg3 30. Rc3 Qh4 31. Qe1 Bg4 32. Rxd6 Rxd6 33. Nxd6 Kh7 34. Rc1 Bf8 35. Nf7 Bxa3 36. Rc7 Rd7 37. Qxg3 fxg3 0-1


[Site "https://www.chess.com"]

[Event "Titled Tuesday Blitz April 18 Late 2023"]
[White "Rodriguez Santiago, Jaime"]
[Black "Storey, Charles H"]
[WhiteFideId "3100898"]
[BlackFideId "406686"]
[WhiteElo "2025"]
[BlackElo "2196"]
[Result "1-0"]
[Round "08"]
[TimeControl "180+2"]
[Date "2023.04.18"]
[WhiteClock "0:00:27"]
[BlackClock "0:00:17"]

1. c4 g6 2. g3 Bg7 3. Bg2 c5 4. e4 Nc6 5. d3 d6 6. Ne2 e5 7. Nbc3 Nge7 8. a3 O-O 9. O-O Nd4 10. Rb1 Rb8 11. b4 b6 12. Be3 f5 13. f4 fxe4 14. dxe4 Bg4 15. h3 Be6 16. Nd5 Qd7 17. Kh2 Nxd5 18. cxd5 Bf7 19. Nxd4 cxd4 20. Bd2 Rbc8 21. h4 Qb5 22. Rf2 Rc3 23. Bxc3 dxc3 24. f5 Bh6 25. Rc2 Rc8 26. Bf1 Qd7 27. fxg6 Bxg6 28. Bh3 Qc7 29. Bxc8 Qxc8 30. Qf3 Bd2 31. Rd1 Qc4 32. Rdxd2 Bxe4 33. Qg4+ Bg6 34. Qxc4 cxd2 35. Rxd2 1-0


[Site "https://www.chess.com"]

[Event "Titled Tuesday Blitz April 18 Late 2023"]
[White "reevecanada"]
[Black "Bogaudinov, Rushan"]
[BlackFideId "4129288"]
[WhiteElo "2455"]
[BlackElo "1967"]
[Result "1-0"]
[Round "08"]
[TimeControl "180+2"]
[Date "2023.04.18"]
[WhiteClock "0:01:47"]
[BlackClock "0:00:52"]

1. g3 h5 2. Nf3 e6 3. Bg2 Be7 4. h4 Nf6 5. d4 b6 6. c4 Bb7 7. Nc3 d5 8. b3 c5 9. Bb2 dxc4 10. bxc4 cxd4 11. Nb5 Bb4+ 12. Kf1 Bc5 13. Bxd4 Bxd4 14. Nfxd4 Bxg2+ 15. Kxg2 a6 16. Nc3 Qc7 17. Qb3 Nbd7 18. e4 Rc8 19. Rac1 Qxc4 20. Nd5 Qxc1 21. Nxf6+ gxf6 22. Rxc1 Rxc1 23. Qa3 Rc4 24. Qxa6 Rxd4 25. Qc8+ Ke7 26. Qxh8 Rxe4 27. Qxh5 Re5 28. Qd1 Ra5 29. Qb1 f5 30. Qb4+ Kf6 31. h5 Rd5 32. Qh4+ Kg7 33. h6+ Kh7 34. Qg5 1-0


[Site "https://www.chess.com"]

[Event "Titled Tuesday Blitz April 18 Late 2023"]
[White "Ward, Ieuan C"]
[Black "Kovalevsky, Stanislav"]
[WhiteFideId "406627"]
[BlackFideId "13508598"]
[WhiteElo "2328"]
[BlackElo "2174"]
[Result "1-0"]
[Round "08"]
[TimeControl "180+2"]
[Date "2023.04.18"]
[WhiteClock "0:00:16"]
[BlackClock "0:00:13"]

1. d4 d5 2. c4 c6 3. Nf3 Nf6 4. Nc3 Nbd7 5. e3 e6 6. Bd3 Bd6 7. O-O O-O 8. b3 Re8 9. Bb2 dxc4 10. bxc4 e5 11. Qc2 Qe7 12. Nd2 a6 13. Rad1 h6 14. h3 b5 15. Nce4 Bb8 16. c5 Nxe4 17. Bxe4 Bb7 18. Bf3 Qe6 19. Nb3 e4 20. Bg4 f5 21. Bh5 g6 22. Be2 Nf6 23. Na5 Bc8 24. a4 Nd5 25. Ra1 Bc7 26. Qd2 f4 27. Bg4 Qf6 28. Bxc8 Rexc8 29. exf4 Bxf4 30. Qe2 Bc7 31. Nb7 Rab8 32. Nd6 Bxd6 33. cxd6 Qxd6 34. Qxe4 Re8 35. Qd3 Kh7 36. axb5 cxb5 37. Bc1 Rbc8 38. Bd2 Rc6 39. Rae1 Rxe1 40. Rxe1 Qf6 41. Qe4 Nc3 42. Qe7+ Qxe7 43. Rxe7+ Kg8 44. Bxh6 Nd5 45. Ra7 Nf6 46. Bg5 Ne4 47. Bd8 Rd6 48. Bc7 Rxd4 49. Rxa6 b4 50. Ra8+ Kf7 51. Rb8 Rc4 52. Ba5 Rc1+ 53. Kh2 Nxf2 54. Bxb4 Rb1 55. Bd6 Ne4 56. Rxb1 Nxd6 57. Rf1+ Nf5 58. g4 Ke6 59. gxf5+ gxf5 60. Kg3 Ke5 61. Kf3 f4 62. Re1+ Kf5 63. Re4 Kg5 64. Rxf4 Kh5 65. Rg4 Kh6 66. Kf4 Kh7 67. Kf5 Kh6 68. Kf6 Kh5 69. Kf5 Kh6 70. Rh4+ Kg7 71. Kg4 Kg6 72. Rh5 Kg7 73. h4 Kg6 74. Rg5+ Kf6 75. h5 1-0


[Site "https://www.chess.com"]

[Event "Titled Tuesday Blitz April 18 Late 2023"]
[White "Shubenkova, Veronika"]
[Black "Wang, Alexander J"]
[WhiteFideId "44124040"]
[BlackFideId "30955270"]
[WhiteElo "2027"]
[BlackElo "2308"]
[Result "0-1"]
[Round "08"]
[TimeControl "180+2"]
[Date "2023.04.18"]
[WhiteClock "0:00:37"]
[BlackClock "0:00:14"]

1. e4 c5 2. Nc3 d6 3. g3 Nf6 4. Bg2 g6 5. d3 Bg7 6. f4 O-O 7. Nf3 Nc6 8. O-O a6 9. h3 Nd7 10. Ne2 b5 11. g4 Bb7 12. f5 Nde5 13. Rb1 Nxf3+ 14. Bxf3 Ne5 15. Bg2 d5 16. fxg6 hxg6 17. Ng3 dxe4 18. Nxe4 c4 19. Bf4 cxd3 20. Bxe5 dxc2 21. Qxc2 Bxe5 22. Rbd1 Qb6+ 23. Kh1 Rac8 24. Qb3 Bb8 25. h4 Qc7 26. Qh3 Qe5 27. Rde1 Qxb2 28. h5 Rc2 29. hxg6 fxg6 30. Rxf8+ Kxf8 31. Qh6+ Kf7 32. Rf1+ Ke8 33. Qxg6+ Kd7 34. Rd1+ Kc7 35. Rg1 Ba7 36. Qf7 Qh8+ 37. Qh5 Qxh5+ 38. gxh5 Bxg1 39. Kxg1 Rxg2+ 40. Kxg2 Bxe4+ 0-1


[Site "https://www.chess.com"]